BR
PUEBLO PRAIRIE DOGS @ PALMYRA OVERLORDS
09/21/2027
 
TOP OF THE 1ST
Pueblo Prairie Dogs batting - Pitching for Palmyra Overlords : RHP Millard Manning
Pitching: RHP Millard Manning
Batting: LHB Bob Campbell 0-0: Ball
1-0: Ball
2-0: Ball
3-0: Base on Balls
Batting: RHB Shigekazu Kaneko 0-0: Called Strike
0-1: Ball
1-1: Swinging Strike
1-2: Ball
2-2: Ball
3-2: Foul Ball, location: 2F
3-2: Strikes out looking
Batting: LHB Derrek Robinson 0-0: Called Strike
0-1: SINGLE (Groundball, 5D)
Bob Campbell to second
Batting: RHB Clancy Castro 0-0: Called Strike
Bob Campbell steals 3rd base
Derrek Robinson to second
0-1: Called Strike
0-2: Strikes out swinging
Batting: RHB Jason Fuller 0-0: Fly out, F3 (Popup, 34S)
Top of the 1st over - 0 run(s), 1 hit(s), 0 error(s), 2 left on base; Pueblo 0 - Palmyra 0
BOTTOM OF THE 1ST
Palmyra Overlords batting - Pitching for Pueblo Prairie Dogs : RHP Alonso Rivera
Pitching: RHP Alonso Rivera
Batting: LHB Mauro López 0-0: SINGLE (Groundball, 4D)
Batting: SHB José Rincón 0-0: Called Strike
0-1: Fly out, F9 (Flyball, 9S)
Batting: LHB Júlio Lorenzo 0-0: Ball
Pickoff Throw to First - Error! E1
Mauro López to second
1-0: DOUBLE (Line Drive, 89D)
Mauro López scores
Batting: RHB David Rodríguez 0-0: Ball
1-0: Ball
2-0: Ball
3-0: Base on Balls
Batting: RHB Lúcio Alfaro 0-0: Called Strike
0-1: Swinging Strike
0-2: TRIPLE (Line Drive, 9LM)
Júlio Lorenzo scores
David Rodríguez scores
Batting: LHB Ramón Morán 0-0: Foul Ball, location: 2F
0-1: Swinging Strike
0-2: Ball
1-2: Fly out, F9 (Flyball, 9D)
Runner from 3rd tags up, SCORES, no throw
Pitching: RHP Juan Guerrero
Batting: RHB José Gonzáles 0-0: Foul Ball, location: 2F
0-1: Swinging Strike
0-2: Ground out 5-3 (Groundball, 5)
Bottom of the 1st over - 4 run(s), 3 hit(s), 1 error(s), 0 left on base; Pueblo 0 - Palmyra 4
TOP OF THE 2ND
Pueblo Prairie Dogs batting - Pitching for Palmyra Overlords : RHP Millard Manning
Batting: RHB Manny Herrera 0-0: Called Strike
0-1: Ground out 5-3 (Groundball, 5S)
Batting: RHB Alan Evans 0-0: Called Strike
0-1: Ball
1-1: Ball
2-1: Foul Ball, location: 2F
2-2: SINGLE (Groundball, 56D)
Batting: RHB Ian Howard 0-0: Called Strike
0-1: Foul Ball, location: 2F
0-2: Ball
1-2: Foul Ball, location: 2F
1-2: Ball
2-2: Ball
3-2: Base on Balls
Alan Evans to second
Batting: RHB Ánibal Barrios 0-0: Foul Ball, location: 2F
0-1: Ball
Alan Evans is caught stealing 3rd base
Ian Howard to second
1-1: Ball
2-1: Ball
3-1: SINGLE (Line Drive, 7S)
Ian Howard to third
Runner from 3rd tries for Home, SAFE, no throw
Batting: LHB Bob Campbell 0-0: Fielders Choice at 2nd, 5-4 (Groundball, 56)
Top of the 2nd over - 1 run(s), 2 hit(s), 0 error(s), 0 left on base; Pueblo 1 - Palmyra 4
BOTTOM OF THE 2ND
Palmyra Overlords batting - Pitching for Pueblo Prairie Dogs : RHP Juan Guerrero
Batting: RHB Will Anderson 0-0: SINGLE (Groundball, 6MD)
Batting: LHB Jerry Tolbert 0-0: Foul Ball, location: 2F
0-1: Foul Ball, location: 2F
0-2: Ball
1-2: Ground out 6-3 (Groundball, 6MS)
Will Anderson to second
Batting: LHB Mauro López 0-0: Called Strike
0-1: Called Strike
0-2: Ground out 3-1 (Groundball, 34S)
Will Anderson to third
Batting: SHB José Rincón 0-0: Called Strike
0-1: Ball
1-1: Swinging Strike
1-2: Foul Ball, location: 2F
1-2: Ground out U3 (Groundball, 34)
Bottom of the 2nd over - 0 run(s), 1 hit(s), 0 error(s), 1 left on base; Pueblo 1 - Palmyra 4
TOP OF THE 3RD
Pueblo Prairie Dogs batting - Pitching for Palmyra Overlords : RHP Millard Manning
Batting: RHB Shigekazu Kaneko 0-0: Reached on error, E6 (Groundball, 6)
Batting: LHB Derrek Robinson 0-0: Ball
1-0: Called Strike
1-1: Ground out 4-3 (Groundball, 34D)
Shigekazu Kaneko to second
Batting: RHB Clancy Castro 0-0: Ball
1-0: Ball
2-0: Foul Ball, location: 2F
2-1: Swinging Strike
2-2: Strikes out swinging
Batting: RHB Jason Fuller 0-0: Hit by Pitch
Batting: RHB Manny Herrera 0-0: Called Strike
0-1: Ball
1-1: Ball
2-1: Swinging Strike
2-2: Foul Ball, location: 2F
2-2: Strikes out swinging
Top of the 3rd over - 0 run(s), 0 hit(s), 1 error(s), 2 left on base; Pueblo 1 - Palmyra 4
BOTTOM OF THE 3RD
Palmyra Overlords batting - Pitching for Pueblo Prairie Dogs : RHP Juan Guerrero
Batting: LHB Júlio Lorenzo 0-0: SINGLE (Line Drive, 56D)
Batting: RHB David Rodríguez 0-0: Called Strike
Júlio Lorenzo is caught stealing 2nd base
0-1: Foul Ball, location: 2F
0-2: Ground out 4-3 (Groundball, 4)
Batting: RHB Lúcio Alfaro 0-0: Foul Ball, location: 2F
0-1: Foul Ball, location: 2F
0-2: Reached on error, E4 (Groundball, 34)
Batting: LHB Ramón Morán 0-0: Called Strike
Lúcio Alfaro steals 2nd base
0-1: Ball
1-1: Ball
2-1: Called Strike
2-2: Foul Ball, location: 2F
2-2: Foul Ball, location: 2F
2-2: SINGLE (Popup, 3D)
Lúcio Alfaro to third
Runner from 3rd tries for Home, SAFE, no throw
Batting: RHB José Gonzáles 0-0: Ball
1-0: Ball
Ramón Morán is caught stealing 2nd base
Bottom of the 3rd over - 1 run(s), 2 hit(s), 1 error(s), 0 left on base; Pueblo 1 - Palmyra 5
TOP OF THE 4TH
Pueblo Prairie Dogs batting - Pitching for Palmyra Overlords : RHP Millard Manning
Batting: RHB Alan Evans 0-0: Called Strike
0-1: Ball
1-1: Ball
2-1: Ball
3-1: Ground out 6-3 (Groundball, 6M)
Batting: RHB Ian Howard 0-0: Ball
1-0: Called Strike
1-1: Ball
2-1: Ground out 6-3 (Groundball, 6)
Batting: RHB Ánibal Barrios 0-0: Foul Ball, location: 2F
0-1: Foul Ball, location: 2F
0-2: Ball
1-2: Strikes out swinging
Top of the 4th over - 0 run(s), 0 hit(s), 0 error(s), 0 left on base; Pueblo 1 - Palmyra 5
BOTTOM OF THE 4TH
Palmyra Overlords batting - Pitching for Pueblo Prairie Dogs : RHP Juan Guerrero
Batting: RHB José Gonzáles 0-0: Foul Ball, location: 2F
0-1: Ball
1-1: Swinging Strike
1-2: Ball
2-2: Fly out, F9 (Flyball, 9)
Batting: RHB Will Anderson 0-0: Ground out 6-3 (Groundball, 6)
Batting: LHB Jerry Tolbert 0-0: Ball
1-0: Called Strike
1-1: Foul Ball, location: 2F
1-2: Ball
2-2: Foul Ball, location: 2F
2-2: Strikes out looking
Bottom of the 4th over - 0 run(s), 0 hit(s), 0 error(s), 0 left on base; Pueblo 1 - Palmyra 5
TOP OF THE 5TH
Pueblo Prairie Dogs batting - Pitching for Palmyra Overlords : RHP Millard Manning
Batting: LHB Bob Campbell 0-0: Ball
1-0: Foul Ball, location: 2F
1-1: Foul Ball, location: 2F
1-2: Foul Ball, location: 2F
1-2: Foul Ball, location: 2F
1-2: Ball
2-2: Hit by Pitch
Batting: RHB Shigekazu Kaneko 0-0: Called Strike
0-1: Foul Ball, location: 2F
0-2: Strikes out swinging
Batting: LHB Derrek Robinson 0-0: Called Strike
0-1: Ball
1-1: Foul Ball, location: 2F
1-2: Foul Ball, location: 2F
1-2: Ball
2-2: Ball
Bob Campbell steals 2nd base
3-2: Foul Ball, location: 2F
3-2: Foul Ball, location: 2F
3-2: SINGLE (Line Drive, 8LS)
Bob Campbell to third
Runner from 3rd tries for Home, SAFE, no throw
Pitching: RHP Jack Bass
Batting: RHB Clancy Castro 0-0: Ball
1-0: Ball
2-0: Foul Ball, location: 2F
2-1: Fly out, F8 (Flyball, 8RD)
Runner from 1st tags up, SAFE at 2nd
Batting: RHB Jason Fuller 0-0: Ball
1-0: Foul Ball, location: 2F
1-1: Ball
2-1: Ball
3-1: Swinging Strike
3-2: Strikes out looking
Top of the 5th over - 1 run(s), 1 hit(s), 0 error(s), 1 left on base; Pueblo 2 - Palmyra 5
BOTTOM OF THE 5TH
Palmyra Overlords batting - Pitching for Pueblo Prairie Dogs : RHP Juan Guerrero
Batting: LHB Mauro López 0-0: Swinging Strike
0-1: SINGLE (Line Drive, 4D)
Batting: SHB José Rincón 0-0: Called Strike
0-1: Foul Ball, location: 2F
0-2: Ball
1-2: Foul Ball, location: 2F
1-2: Ball
2-2: Strikes out looking
Pitching: RHP Guillermo Hernández
Batting: LHB Júlio Lorenzo 0-0: Called Strike
0-1: Called Strike
Throwing error on steal attempt, E2
Mauro López to third
0-2: Ball
1-2: SINGLE (Groundball, 4) (infield hit)
Mauro López scores
Batting: RHB David Rodríguez 0-0: Ball
1-0: Foul Ball, location: 2F
1-1: Swinging Strike
1-2: Ball
2-2: Ground out 5-3 (Groundball, 56S)
Júlio Lorenzo to second
Batting: RHB Lúcio Alfaro 0-0: Ball
1-0: Reached on error, E4 (Groundball, 34)
Júlio Lorenzo to third
Batting: LHB Ramón Morán 0-0: Ball
1-0: Ball
2-0: Ball
3-0: Base on Balls
Lúcio Alfaro to second
Batting: RHB José Gonzáles 0-0: Called Strike
0-1: Called Strike
0-2: Ground out 6-3 (Groundball, 6S)
Bottom of the 5th over - 1 run(s), 2 hit(s), 2 error(s), 3 left on base; Pueblo 2 - Palmyra 6
TOP OF THE 6TH
Pueblo Prairie Dogs batting - Pitching for Palmyra Overlords : RHP Jack Bass
Batting: RHB Manny Herrera 0-0: Foul Ball, location: 2F
0-1: Fly out, F7 (Line Drive, 7)
Batting: RHB Alan Evans 0-0: SINGLE (Groundball, 5D)
Batting: RHB Ian Howard 0-0: Ball
1-0: Ground out 5-3 (Groundball, 56S)
Alan Evans to second
Batting: RHB Ánibal Barrios 0-0: Ball
1-0: Ball
2-0: Fly out, F8 (Flyball, 8LM)
Top of the 6th over - 0 run(s), 1 hit(s), 0 error(s), 1 left on base; Pueblo 2 - Palmyra 6
BOTTOM OF THE 6TH
Palmyra Overlords batting - Pitching for Pueblo Prairie Dogs : RHP Guillermo Hernández
Batting: RHB Will Anderson 0-0: Ball
1-0: Foul Ball, location: 2F
1-1: Foul Ball, location: 2F
1-2: Ball
2-2: Foul Ball, location: 2F
2-2: Strikes out swinging
Batting: LHB Jerry Tolbert 0-0: Called Strike
0-1: Ball
1-1: Called Strike
1-2: Ball
2-2: Ball
3-2: SINGLE (Groundball, 6) (infield hit)
Batting: LHB Mauro López 0-0: Ball
1-0: Ball
2-0: Called Strike
2-1: Foul Ball, location: 2F
2-2: Strikes out swinging
Batting: SHB José Rincón 0-0: Fly out, F4 (Popup, 4)
Bottom of the 6th over - 0 run(s), 1 hit(s), 0 error(s), 1 left on base; Pueblo 2 - Palmyra 6
TOP OF THE 7TH
Pueblo Prairie Dogs batting - Pitching for Palmyra Overlords : RHP Jack Bass
Batting: LHB Bob Campbell 0-0: Ball
1-0: Swinging Strike
1-1: Foul Ball, location: 2F
1-2: Ball
2-2: Fly out, F9 (Flyball, 89M)
Batting: RHB Shigekazu Kaneko 0-0: Swinging Strike
0-1: Called Strike
0-2: Ball
1-2: Ground out 6-3 (Groundball, 6)
Batting: LHB Derrek Robinson 0-0: Called Strike
0-1: Called Strike
0-2: Ball
1-2: Fly out, F8 (Flyball, 8RS)
Top of the 7th over - 0 run(s), 0 hit(s), 0 error(s), 0 left on base; Pueblo 2 - Palmyra 6
BOTTOM OF THE 7TH
Palmyra Overlords batting - Pitching for Pueblo Prairie Dogs : RHP Guillermo Hernández
Batting: LHB Júlio Lorenzo 0-0: Called Strike
0-1: Ball
1-1: Ball
2-1: Swinging Strike
2-2: Fly out, F8 (Flyball, 8LD)
Batting: RHB David Rodríguez 0-0: Ball
1-0: Foul Ball, location: 2F
1-1: Ball
2-1: Foul Ball, location: 2F
2-2: DOUBLE (Flyball, 78M)
Batting: RHB Lúcio Alfaro 0-0: Ball
1-0: Swinging Strike
1-1: Called Strike
1-2: Ball
2-2: Strikes out looking
Pitching: RHP Javier Gómes
Batting: LHB Ramón Morán 0-0: Ball
Wild Pitch!
David Rodríguez to third
1-0: Fly out, F5 (Line Drive, 56)
Bottom of the 7th over - 0 run(s), 1 hit(s), 0 error(s), 1 left on base; Pueblo 2 - Palmyra 6
TOP OF THE 8TH
Pueblo Prairie Dogs batting - Pitching for Palmyra Overlords : RHP Jack Bass
Batting: RHB Clancy Castro 0-0: Ball
1-0: Ball
2-0: Ball
3-0: Base on Balls
Batting: RHB Jason Fuller 0-0: Called Strike
0-1: Swinging Strike
0-2: Foul Ball, location: 2F
0-2: Foul Ball, location: 2F
0-2: Strikes out swinging
Batting: RHB Manny Herrera 0-0: Called Strike
0-1: Ball
1-1: Swinging Strike
1-2: Ball
2-2: Foul Ball, location: 2F
2-2: Fly out, F9 (Flyball, 9)
Pitching: LHP Pedro Martínez
Batting: RHB Alan Evans 0-0: Fly out, F6 (Popup, 56D)
Top of the 8th over - 0 run(s), 0 hit(s), 0 error(s), 1 left on base; Pueblo 2 - Palmyra 6
BOTTOM OF THE 8TH
Palmyra Overlords batting - Pitching for Pueblo Prairie Dogs : RHP Javier Gómes
Batting: RHB José Gonzáles 0-0: Ground out 6-3 (Groundball, 6)
Batting: RHB Will Anderson 0-0: Called Strike
0-1: Ball
1-1: Ball
2-1: Called Strike
2-2: Fly out, F7 (Flyball, 7S)
Batting: LHB Jerry Tolbert 0-0: Ball
1-0: Foul Ball, location: 2F
1-1: Ball
2-1: Foul Ball, location: 2F
2-2: Ball
3-2: Fly out, F7 (Line Drive, 7)
Bottom of the 8th over - 0 run(s), 0 hit(s), 0 error(s), 0 left on base; Pueblo 2 - Palmyra 6
TOP OF THE 9TH
Pueblo Prairie Dogs batting - Pitching for Palmyra Overlords : LHP Pedro Martínez
Batting: RHB Ian Howard 0-0: Ball
1-0: Ball
2-0: Ball
3-0: Base on Balls
Batting: RHB Ánibal Barrios 0-0: Ball
1-0: Foul Ball, location: 2F
1-1: Ball
2-1: Swinging Strike
2-2: Strikes out looking
Batting: LHB Bob Campbell 0-0: Called Strike
0-1: Foul Ball, location: 2F
0-2: Strikes out swinging
Batting: RHB Shigekazu Kaneko 0-0: Ball
1-0: Foul Ball, location: 2F
1-1: Ball
2-1: Called Strike
2-2: Foul Ball, location: 2F
2-2: Foul Ball, location: 2F
2-2: Ground out 1-3 (Groundball, P)
Top of the 9th over - 0 run(s), 0 hit(s), 0 error(s), 1 left on base; Pueblo 2 - Palmyra 6
Thursday, March 30th, 2017 - OOTP Baseball 17.12 Build 75